 Dungeon Crawl Stone Soup version 0.18.1-48-g4cf74bf (webtiles) character file.

6832 dondondonald the Spear-Bearer (level 11, -8/80 HPs)
             Began as a Merfolk Skald on Sept 12, 2016.
             Was an Elder of Ru.
             Mangled by Snorg (20 damage)
             ... on level 10 of the Dungeon.
             The game lasted 00:54:07 (13000 turns).

dondondonald the Spear-Bearer (Merfolk Skald)      Turns: 13000, Time: 00:54:11

Health: -8/80      AC: 12    Str: 12    XL:     11   Next: 5%
Magic:  3/14       EV: 15    Int: 15    God:    Ru [****..]
Gold:   518        SH:  0    Dex: 18    Spells: 5 memorised, 4 levels left

rFire  . . .     SeeInvis .     I - +1 halberd
rCold  . . .     Gourm    .     E - +3 leather armour {rPois}
rNeg   . . .     Faith    .     (shield currently unavailable)
rPois  +         Spirit   .     (no helmet)
rElec  .         Dismiss  .     w - +4 cloak of Wasted Space {Dex+4}
rCorr  .         Reflect  .     u - +0 pair of gloves
SustAt .         Harm     .     (no boots)
MR     +....                    (no amulet)
Stlth  ..........               v - ring of poison resistance
                                a - ring of protection from magic

@: infused, somewhat resistant to hostile enchantments, extremely unstealthy
A: change form in water, swift swim, no stealth, inability to use devices, hated
by all
a: Draw Out Power, Power Leap, Renounce Religion


You were on level 10 of the Dungeon.
You worshipped Ru.
Ru was greatly pleased with you.
You were not hungry.

You visited 2 branches of the dungeon, and saw 11 of its levels.

You collected 518 gold pieces.

Inventory:

Hand Weapons
 b - a +0 blowgun
 I - a +1 halberd (weapon)
 K - the +6 falchion "Lereupof" {freeze, Fragile +Blink rC+ Int+6, unknown}
   (You found it on level 7 of the Dungeon)

   It has been specially enchanted to freeze those struck by it, causing extra
   injury to most foes and up to half again as much damage against particularly
   susceptible opponents.
   It can also slow down cold-blooded creatures.
   It affects your intelligence (+6).
   It protects you from cold.
   It lets you blink.
   It will be destroyed if unequipped.
 V - the +8 rapier of Wyrd {pierce, rElec MR+ Int-2 Dex+2, unknown}
   (You found it on level 10 of the Dungeon)

   It inflicts extra damage upon your enemies.
   It affects your intelligence (-2).
   It affects your dexterity (+2).
   It insulates you from electricity.
   It affects your resistance to hostile enchantments.
Missiles
 A - a throwing net (quivered)
 G - 60 poisoned needles
Armour
 u - a +0 pair of gloves (worn)
 w - the +4 cloak of Wasted Space (worn) {Dex+4}
   (You found it on level 4 of the Dungeon)

   It affects your dexterity (+4).
 E - a +3 leather armour of poison resistance (worn)
 J - a cursed +0 chain mail
Jewellery
 a - a ring of protection from magic (left hand)
 n - an uncursed ring of sustain attributes
 v - a ring of poison resistance (right hand)
Scrolls
 g - 3 scrolls of fear
 h - a scroll of vulnerability {unknown}
 i - a scroll of holy word
 m - 3 scrolls of magic mapping {unknown}
 r - 2 scrolls of enchant armour {unknown}
 y - 4 scrolls of fog
 z - 3 scrolls of teleportation
 B - a scroll of immolation {unknown}
 D - 4 scrolls of remove curse
 H - a scroll of enchant weapon {unknown}
 L - a scroll of noise {unknown}
 T - a scroll of amnesia {unknown}
 W - a scroll of brand weapon {unknown}
Potions
 e - a potion of cancellation {unknown}
 f - 5 potions of curing
 k - 3 potions of heal wounds
 l - 2 potions of resistance {unknown}
 o - a potion of brilliance {unknown}
 p - 3 potions of haste
 s - a potion of agility {unknown}
 x - 2 potions of degeneration {unknown}
 F - a potion of berserk rage {unknown}
 N - a potion of flight {unknown}
 O - a potion of cure mutation {unknown}
 R - a potion of mutation {unknown}
Books
 c - a book of Battle

   Spells                             Type                      Level
   a - Infusion                       Charms                       1
   b - Shroud of Golubria             Charms/Translocation         2
   c - Song of Slaying                Charms                       2
   d - Spectral Weapon                Hexes/Charms                 3
   e - Regeneration                   Charms/Necromancy            3
 q - a book of Party Tricks

   Spells                             Type                      Level
   a - Summon Butterflies             Summoning                    1
   b - Apportation                    Translocation                1
   c - Tukima's Dance                 Hexes                        3
   d - Alistair's Intoxication        Transmutation/Poison         5
   e - Invisibility                   Hexes                        6
 C - a book of Alchemy

   Spells                             Type                      Level
   a - Sublimation of Blood           Necromancy                   2
   b - Ignite Poison                  Fire/Transmutation/Poison    3
   c - Petrify                        Transmutation/Earth          4
   d - Alistair's Intoxication        Transmutation/Poison         5
   e - Irradiate                      Conjuration/Transmutation    5
Comestibles
 d - 7 bread rations
 t - 4 meat rations
 M - 8 slices of pizza
 P - 9 fruits
 Q - a beef jerky
 S - a royal jelly


   Skills:
 + Level 5.3 Fighting
 + Level 14.6 Polearms
 - Level 0.6 Armour
 + Level 5.6 Dodging
 + Level 2.5 Spellcasting
 - Level 7.0 Hexes
 - Level 9.7 Charms


You had 4 spell levels left.
You knew the following spells:

 Your Spells              Type           Power        Failure   Level  Hunger
a - Infusion              Chrm           ####         1%          1    #......
b - Song of Slaying       Chrm           ####....     1%          2    ###....
c - Shroud of Golubria    Chrm/Tloc      ###.......   8%          2    ###....
d - Spectral Weapon       Hex/Chrm       ####....     2%          3    ###....
e - Tukima's Dance        Hex            ###.....     6%          3    ###....


Dungeon Overview and Level Annotations

Branches:
Dungeon (10/15)            Temple (1/1) D:6            Lair (0/8) D:10
    Orc: D:9-12

Altars:
Ashenzari
Cheibriados
Dithmenos
Elyvilon
Fedhas
Gozag
Kikubaaqudgha
Makhleb
Nemelex Xobeh
Okawaru
Pakellas
Qazlal
Ru
Sif Muna
Trog
Vehumet
Xom
Yredelemnul
Zin
The Shining One

Annotations:
D:10 Snorg


Innate Abilities, Weirdness & Mutations

You revert to your normal form in water.
You are very nimble and swift while swimming.
You cannot be stealthy.
You cannot study or use magical devices.
You are hated by all.


Message History

Your spectral weapon fades away.
Snorg shouts!
Casting: Shroud of Golubria
Confirm with . or Enter, or press ? or * to list all spells.
You draw out your weapon's spirit!
Your shroud bends Snorg's attack away!!
Snorg claws you!
Your shroud falls apart!
Snorg claws you!
You puncture Snorg!!
Snorg is moderately wounded.
Your spectral weapon hits Snorg!!
Snorg barely misses your spectral weapon.
Snorg closely misses your spectral weapon. x2
You hit Snorg.
Snorg is heavily wounded.
Your spectral weapon closely misses Snorg.
Snorg bites you!! Snorg claws you!
* * * LOW HITPOINT WARNING * * *
Snorg claws you but does no damage. Snorg bites you!!
You die...

#..........##
##...####....##
#...........## ##..[##
###...#
##...........####...##
##..#
#................###
##)#
##.....###†......#
##)# #...### ##(>...##
##.## ##.## #....##
##..# ### #....##
##..## ##...@.# ##..##
##.>...T## ##..##
#.......(## ##..##
##..####...####..##
###..## ##.......##
##...## ##......#
##...## #.....##
######)..## #......##
..W..(...# #...<...###


You could see Snorg (berserk) and a friendly spectral enchanted halberd.

Vanquished Creatures
  A hill giant (D:10)
  Pikel (D:5)
  Joseph (D:7)
  A troll (D:10)
  A wyvern (D:9)
  A hippogriff (D:9)
  2 orc warriors
  2 water moccasins
  3 ice beasts (D:7)
  3 slaves (D:5)
  A black bear (D:6)
  4 phantoms
  2 sky beasts (D:7)
  A necrophage (D:5)
  2 ogres
  3 centaurs
  5 giant frogs
  6 big kobolds
  A gnoll sergeant (D:10)
  5 scorpions
  9 killer bees
  4 wights (D:7)
  5 howler monkeys
  2 crimson imps
  A quasit (D:7)
  6 orc wizards
  5 jellies
  2 giant frog skeletons (D:9)
  2 orc priests (D:8)
  A gnoll shaman (D:4)
  4 hounds
  An iron imp (D:9)
  2 iguanas
  9 worker ants
  A hound zombie (D:6)
  A hound skeleton (D:6)
  A howler monkey zombie (D:8)
  2 worker ant zombies
  A howler monkey skeleton (D:7)
  12 adders
  13 gnolls
  3 shadow imps
  An ooze (D:1)
  2 worms
  A dart slug (D:1)
  3 giant geckos
  35 orcs
  7 bats
  7 giant cockroaches
  10 goblins
  15 hobgoblins
  13 jackals
  24 kobolds
  7 quokkas
  A ball python (D:3)
  5 giant newts
  A goblin zombie (D:9)
  3 hobgoblin zombies (D:9)
  A kobold zombie (D:9)
  An orc skeleton (D:9)
  A quokka zombie (D:8)
  7 rats
278 creatures vanquished.

Vanquished Creatures (others)
  A scorpion (D:7)
  A spectral weapon (D:10)
2 creatures vanquished.

Grand Total: 280 creatures vanquished

Notes
Turn   | Place    | Note
--------------------------------------------------------------
     0 | D:1      | dondondonald the Merfolk Skald began the quest for the Orb.
     0 | D:1      | Reached XP level 1. HP: 16/16 MP: 3/3
   254 | D:1      | Reached skill level 4 in Polearms
   254 | D:1      | Reached XP level 2. HP: 11/22 MP: 5/5
   736 | D:1      | Reached XP level 3. HP: 27/27 MP: 6/6
   764 | D:1      | Reached skill level 5 in Polearms
  1516 | D:2      | Reached skill level 6 in Polearms
  1520 | D:2      | Reached XP level 4. HP: 26/33 MP: 0/7
  1832 | D:2      | Found a sacrificial altar of Ru.
  1837 | D:2      | Became a worshipper of Ru the Awakened
  1939 | D:2      | Learned a level 2 spell: Song of Slaying
  2099 | D:2      | Found a snail-covered altar of Cheibriados.
  2408 | D:3      | Found a shattered altar of Ashenzari.
  2725 | D:3      | Reached XP level 5. HP: 34/38 MP: 3/8
  2985 | D:3      | Found an oddly glowing altar of Pakellas.
  3266 | D:3      | Reached skill level 7 in Polearms
  3338 | D:3      | Gained mutation: You cannot be stealthy. [Ru sacrifice]
  3531 | D:4      | Got a warped cloak
  3537 | D:4      | Identified the +4 cloak of Wasted Space {Dex+4} (You found it on level 4 of the Dungeon)
  3542 | D:4      | Learned a level 2 spell: Shroud of Golubria
  3546 | D:4      | Learned a level 3 spell: Spectral Weapon
  3629 | D:4      | Reached XP level 6. HP: 18/45 MP: 2/9
  4026 | D:4      | Reached skill level 8 in Polearms
  4636 | D:4      | Noticed a phantom
  4814 | D:4      | Killed a phantom
  4814 | D:4      | Reached skill level 9 in Polearms
  4814 | D:4      | Reached XP level 7. HP: 50/51 MP: 0/10
  4957 | D:5      | Entered Level 5 of the Dungeon
  5302 | D:5      | Found a sparkling altar of Nemelex Xobeh.
  5448 | D:5      | Reached skill level 10 in Polearms
  6026 | D:4      | Reached skill level 1 in Hexes
  6267 | D:4      | Reached XP level 8. HP: 46/58 MP: 5/11
  6897 | D:5      | Noticed Pikel
  7139 | D:6      | Found a staircase to the Ecumenical Temple.
  7145 | Temple   | Entered the Ecumenical Temple
  7149 | Temple   | Gained mutation: You cannot study or use magical devices. [Ru sacrifice]
  7149 | Temple   | Reached * piety under Ru
  7149 | Temple   | Reached ** piety under Ru
  7149 | Temple   | Reached *** piety under Ru
  7724 | D:6      | Reached skill level 5 in Charms
  8228 | D:7      | Reached XP level 9. HP: 56/64 MP: 9/12
  8337 | D:7      | Reached skill level 5 in Hexes
  8397 | D:7      | Found a burning altar of Makhleb.
  8397 | D:7      | Noticed a green death
  8427 | D:7      | Got a twisted falchion
  8482 | D:7      | Noticed Joseph
  8500 | D:7      | Killed Joseph
  8814 | D:7      | Found a deep blue altar of Sif Muna.
  8814 | D:7      | Found an ancient bone altar of Kikubaaqudgha.
  9137 | D:5      | Killed Pikel
  9164 | D:5      | Gained mutation: You are hated by all. [Ru sacrifice]
  9164 | D:5      | Reached **** piety under Ru
  9612 | D:8      | Reached XP level 10. HP: 65/70 MP: 0/13
  9620 | D:8      | Reached skill level 11 in Polearms
  9954 | D:7      | Reached skill level 12 in Polearms
 10697 | D:8      | Found a stormy altar of Qazlal.
 10823 | D:8      | Reached skill level 13 in Polearms
 11182 | D:9      | Found a shadowy altar of Dithmenos.
 11339 | D:9      | Found a glowing golden altar of the Shining One.
 12016 | D:10     | Entered Level 10 of the Dungeon
 12119 | D:10     | Got a brightly glowing rapier
 12174 | D:10     | Noticed a hill giant
 12203 | D:10     | Killed a hill giant
 12203 | D:10     | Reached skill level 14 in Polearms
 12203 | D:10     | Reached skill level 5 in Dodging
 12515 | D:10     | Reached skill level 5 in Fighting
 12649 | D:10     | Found a staircase to the Lair.
 12658 | D:10     | Reached XP level 11. HP: 79/79 MP: 11/14
 12667 | D:10     | Learned a level 3 spell: Tukima's Dance
 12699 | D:10     | Noticed Snorg
 13000 | D:10     | Mangled by Snorg

Skill      XL: |  1  2  3  4  5  6  7  8  9 10 |
---------------+-------------------------------+-----
Polearms       | 4 6 7 9 10 14 | 14.6
Charms         | 4 7 9 |  9.7
Dodging        | 2 3 4 5 |  5.6
Fighting       | 3 5 |  5.3
Hexes          | 2 4 7 |  7.0
Armour         | |  0.6
Spellcasting   | |  2.5

Action                   |  1- 3 |  4- 6 |  7- 9 | 10-12 || total
-------------------------+-------+-------+-------+-------++-------
Melee: Spear             |   196 |   292 |   200 |       ||   688
       Halberd           |       |       |   270 |   390 ||   660
 Cast: Infusion          |     1 |    14 |    28 |    14 ||    57
       Song of Slaying   |       |     3 |     3 |     2 ||     8
       Spectral Weapon   |       |       |     3 |     3 ||     6
       Shroud of Golubri |       |       |       |     2 ||     2
Invok: Sacrifice Stealth |       |     1 |       |       ||     1
       Sacrifice Artific |       |       |     1 |       ||     1
       Sacrifice Love    |       |       |     1 |       ||     1
       Reject Sacrifices |       |       |       |     1 ||     1
Evoke: Wand              |       |       |     3 |       ||     3
  Use: Scroll            |       |       |    10 |     1 ||    11
 Stab: Distracted        |       |       |     2 |     4 ||     6
       Invisible         |       |       |       |     5 ||     5
       Paralysed         |       |       |       |     1 ||     1
  Eat: Chunk             |     2 |     9 |    13 |    13 ||    37
       Beef jerky        |       |     1 |       |       ||     1
       Royal jelly       |       |       |     1 |       ||     1
       Pizza             |       |       |     1 |       ||     1
Armor: Leather armour    |    26 |       |    71 |    90 ||   187
       Ring mail         |       |    62 |    31 |       ||    93
Dodge: Dodged            |    68 |    87 |   203 |   205 ||   563
